Frizzbo, neutral female gnomish Wizard ------------- #............| ###|..........<.############## # |...........| ### ---+--------- # # # #G# #######frG # | . |..G| |/..| |.... |...| ----- Frizzbo the Conjurer Experience level: 4 Strength: 12 Dexterity: 12 Constitution: 13 Intelligence: 19 Wisdom: 10 Charisma: 12 Health: 0(30) Energy: 36(42) Def: 2 Gold: 419 Moves: 3130 Dungeon seed: kGilwJHfyclWvfcX Game ID: Frizzbo_1466618044 Your Inventory: Coins $ - 419 gold pieces Weapons u - a blessed +0 dagger (weapon in hand) Armor e - a blessed +0 cloak of magic resistance (being worn) y - an uncursed +0 pair of speed boots (being worn) Comestibles W - an uncursed tripe ration Z - an uncursed food ration Scrolls i - a blessed scroll of blank paper j - an uncursed scroll of teleportation k - an uncursed scroll of taming q - an uncursed scroll of enchant weapon x - a cursed scroll of enchant armor C - an uncursed scroll of stinking cloud D - a blessed scroll of enchant weapon E - an uncursed scroll of destroy armor Spellbooks l - a blessed spellbook of force bolt m - an uncursed spellbook of light A - an uncursed spellbook of charm monster H - an uncursed spellbook of cone of cold Potions g - a potion of holy water h - an uncursed potion of sleeping V - an uncursed potion of object detection Rings c - an uncursed +1 ring of increase accuracy d - an uncursed ring of searching (on left hand) Wands b - an uncursed wand of light (0:13) X - an uncursed wand of cancellation (0:6) Y - a blessed wand of probing (0:5) Tools f - an uncursed skeleton key n - an uncursed blindfold w - an uncursed tin whistle Gems r - 2 uncursed worthless pieces of yellowish brown glass z - an uncursed amethyst stone N - an uncursed worthless piece of red glass Spells and supernatural/magical abilities: Name Level Category Fail Memory a - force bolt 1 attack 0% 85% e - charm monster 3 enchantment 0% 91% l - light 1 divination 0% 85% o - cone of cold 4 attack 63% 93% W - pray for help -- divine ? -- Your skills at the end: Fighting Skills Weapon Skills dagger [Basic] quarterstaff [Basic] Spellcasting Skills attack spells [Basic] enchantment spells [Basic] Final Attributes: You were piously aligned. You were magic-protected. You were telepathic. You had automatic searching. You had infravision. You were very fast. You are dead. Vanquished creatures: a rock mole a shrieker a floating eye a dwarf a rothe an iguana 3 hobbits 2 manes 2 large kobolds a hobgoblin a giant rat 2 yellow molds a gnome zombie 4 geckos a jackal a kobold 4 goblins 2 sewer rats 2 grid bugs 3 lichens 4 kobold zombies 5 newts 44 creatures vanquished. Voluntary challenges: You used a wielded weapon 84 times, starting on turn 29. You read items or engraved 32 times, starting on turn 1157. You never genocided any monsters. You never polymorphed an object. You never changed form. You used no wishes. You never split a pudding. You never wrote Elbereth's name. You never violated your personal moral code. Dungeon overview: The Dungeons of Doom: levels 1 to 7 Level 1 a long staircase Level 2 a general store Level 3 a scroll shop, a fountain a long staircase Level 4 an altar to Thoth Level 5 an altar to Ptah Level 6 a fountain Level 7 <- You were here History has recorded: On T:1 you entered the Dungeons of Doom to retrieve the Amulet of Yendor! On T:458 you reached level 2 of The Dungeons of Doom. On T:673 you advanced to experience level 2. On T:918 you reached level 3 of The Dungeons of Doom. On T:994 you advanced to experience level 3. On T:1562 you reached level 4 of The Dungeons of Doom. On T:1888 you advanced to experience level 4. On T:2299 you reached level 5 of The Dungeons of Doom. On T:2622 you reached level 6 of The Dungeons of Doom. On T:3089 you reached level 7 of The Dungeons of Doom. Score breakdown: Gold: 419 ( 8923 points) Experience: 4 levels ( 9649 points) Exploration: 7 levels ( 14.29%) (10606 points) Discoveries: 10 items ( 3.48%) ( 5599 points) Valuables value: (no points given unless you survive) Artifact value: 0 ( 0 points) Variety of kills: 22 monsters ( 5.77%) ( 7208 points) Turncount: 3130 turns ( -662 points) Survival: died (score multiplied by 80%) Total score: 33058 Latest messages: This iguana corpse tastes terrible! You finish eating the iguana corpse. $ - 89 gold pieces. You hear water falling on coins. Taco purrs. You displace Taco. You see here a food ration. You hear a door open. You displace Taco. You see here a food ration. Z - a food ration. You stop exploring. The rabid rat bites! You hit the rabid rat. (2x) It is hit. The rabid rat bites! You hit the rabid rat. (2x) The rabid rat bites! You miss the rabid rat. You hit the rabid rat. The rabid rat bites! You hit the rabid rat. (2x) The rabid rat bites! (2x) You die... Final status: Goodbye Frizzbo the Wizard, killed by a rabid rat... You died in The Dungeons of Doom on dungeon level 7 with 33058 points, and 419 pieces of gold, after 3130 moves. You were level 4 with a maximum of 30 hit points when you died.